 Dungeon Crawl Stone Soup version bcrawl-1.19.1 (webtiles) character file.

Game seed: 750172162050379556

27 diana the Slasher (level 2, -2/26 HPs)
             Began as a Djinni Berserker on Nov 24, 2019.
             Was a Follower of Trog.
             Slain by a hobgoblin
             ... wielding a +0 club
              (3 damage)
             ... on level 2 of the Dungeon.
             The game lasted 00:01:59 (830 turns).

diana the Slasher (Djinni Berserker)                 Turns: 830, Time: 00:02:00

Health: -2/26      AC:  3    Str: 19    XL:     2   Next: 93%
Magic:  2/2        EV: 12    Int:  9    God:    Trog [*.....]
Gold:   79         SH:  1    Dex: 10    Spells: 1/1 levels left

rFire    . . .     SeeInvis .   a - +0 falchion
rCold    . . .     Gourm    .   (no shield)
rNeg     . . .     Faith    .   b - +0 animal skin
rPois    .         Spirit   .   (no helmet)
rElec    .         Reflect  .   (no cloak)
rCorr    .         Harm     .   e - +0 pair of gloves
MR       .....     Rnd*Rage +   (boots unavailable)
Stlth    +.........             (no amulet)
HPRegen  0.08/turn              (no ring)
MPRegen  0.08/turn              (no ring)

@: flying
A: never pass out, berserk 2, blurry vision 2, wild magic 1, MP-powered wands,
floating
a: Berserk, Renounce Religion


You were on level 2 of the Dungeon.
You worshipped Trog.
Trog was aware of your devotion.
You were not hungry.

You visited 1 branch of the dungeon, and saw 2 of its levels.

You collected 79 gold pieces.

Inventory:

Hand Weapons
 a - a +0 falchion (weapon)
Armour
 b - a +0 animal skin (worn)
 e - a +0 pair of gloves (worn)
Scrolls
 f - 4 scrolls of identify {unknown}
 g - a scroll of remove curse {unknown}
 h - a scroll of enchant armour {unknown}
 j - a scroll of magic mapping {unknown}
 m - a scroll of blinking {unknown}
Potions
 d - a potion of ambrosia {unknown}
 i - a potion of heal wounds {unknown}
 k - a potion of might {unknown}
 l - a potion of agility {unknown}
 n - a potion of berserk rage {unknown}
Comestibles
 c - 2 rations {!d}


   Skills:
 + Level 3.6 Fighting
 * Level 3.9 Long Blades
 + Level 2.0 Armour
 + Level 2.3 Dodging


You had one spell level left.
You didn't know any spells.
Your spell library was empty.

Dungeon Overview and Level Annotations

Branches:
Dungeon (2/12)

Altars:
Yredelemnul


Innate Abilities, Weirdness & Mutations

You never pass out after going berserk.
You often lose your temper in combat.
Scrolls take you longer to read.
Your spells are a little harder to cast, but a little more powerful.
You expend magic power (3 MP) to strengthen your wands.
Your body floats in the air.


Message History

You are too injured to fight recklessly!
You are too injured to fight recklessly!
You are too injured to fight recklessly!
You are too injured to fight recklessly!
You closely miss the giant cockroach.
The giant cockroach is severely wounded.
The goblin barely misses you. The giant cockroach closely misses you.
The hobgoblin hits you but does no damage.
You hit the giant cockroach but do no damage.
The giant cockroach is severely wounded.
The giant cockroach closely misses you. The goblin misses you.
The hobgoblin misses you. The worm bites you.
* * * LOW HITPOINT WARNING * * *
The giant cockroach barely misses you.
You closely miss the giant cockroach.
The giant cockroach is severely wounded.
The goblin hits you with a +0 dagger.
* * * LOW HITPOINT WARNING * * *
The hobgoblin hits you with a +0 club.
You die...

#.# #..# #.# #..#
#.# #..# #.# #..#
#.# #..# #.# #..#
#.# #######gg######
#.#
......s@...<..####.#
####..w............#
#.########.###### #
#.# #.# #.# #.# #.#
#.#


You could see a worm, a giant cockroach, a hobgoblin and a goblin.

Vanquished Creatures
  An ooze (D:1)
  A worm (D:1)
  A leopard gecko (D:1)
  A bat (D:1)
  3 giant cockroaches (D:1)
  3 goblins (D:1)
  2 hobgoblins
  3 frilled lizards (D:1)
  2 gnoll zombies (D:2)
  2 rats (D:1)
19 creatures vanquished.

Notes
Turn   | Place    | Note
-------+----------+-------------------------------------------
     0 | D:1      | diana the Djinni Berserker began the quest for the Orb.
     0 | D:1      | Reached XP level 1. HP: 19/19 MP: 1/1
    75 | D:1      | Reached XP level 2. HP: 12/26 MP: 2/2
   750 | D:2      | Found a basalt altar of Yredelemnul.
   830 | D:2      | HP: 1/26 [goblin/+0 dagger (1)]
   830 | D:2      | Slain by a hobgoblin

Skill      XL: |  1  2 |
---------------+-------+-----
Armour         | 2 |  2.0
Fighting       | |  3.6
Long Blades    | |  3.9
Dodging        | |  2.3

Action                   || total
-------------------------++-------
Melee: Falchion          ||    78
 Stab: Sleeping          ||     1
Armor: Animal skin       ||    26
Dodge: Dodged            ||    74
Block: Other             ||     2
